AoeStats
← MattAtArms

Arabia

507535543Analyzed
1v1 RM · 14d ago on Sep 18, 2026· 42m 8s· 2 players
Game mode
Random Map
Map size
Tiny (2 player)
Population
200
Speed
Normal
Resources
Standard
Victory
Conquest
Starting age
Dark Age
Ending age
Imperial Age
RankedLock teamsTeams togetherTeam positionsShared explorationLock speedFull tech treeHidden civsTurbo modeCheats
Victory
Defeat
🇪🇸 Franks · Spain
1863
+19
🇬🇧 Byzantines · United Kingdom
1920
-19
Crom
6:43 Loom
9:11 Feudal Age
9:23 Man-at-Arms
17:03 Double-Bit Axe
20:50 Castle Age
20:13 Gold Mining
21:26 Scale Barding Armor
22:30 Bow Saw
26:04 Stone Mining
28:09 Town Watch
28:59 Wheelbarrow
33:43 Imperial Age
32:46 Scale Barding Armor
33:16 Forging
33:08 Husbandry
34:16 Hand Cart
34:32 Chain Barding Armor
36:03 Plate Barding Armor
35:54 Conscription
34:59 Cavalier
36:13 Siege Engineers
37:45 Iron Casting
36:33 Light Cavalry
37:31 Masonry
39:53 Blast Furnace
39:34 Gold Shaft Mining
40:36 Chemistry
39:39 Scale Mail Armor
39:40 Squires
39:05 Elite Throwing Axeman
41:37 Chain Mail Armor
41:58 #83
MattAtArms
6:24 Loom
9:13 Feudal Age
9:19 Man-at-Arms
9:47 Double-Bit Axe
13:34 Fletching
21:45 Castle Age
19:53 Gold Mining
20:12 Padded Archer Armor
21:07 Horse Collar
22:33 Scale Barding Armor
21:56 Crossbowman
22:32 Bodkin Arrow
22:59 Bow Saw
24:59 Wheelbarrow
31:00 Hand Cart
34:38 Imperial Age
33:29 Leather Archer Armor
33:59 Thumb Ring
34:56 Ballistics
34:49 Heavy Plow
35:41 Chain Barding Armor
35:31 Forging
35:02 Arbalester
35:47 Bracer
37:38 Chemistry
37:06 Heavy Camel Rider
39:06 Chain Barding Armor
42:46 Plate Barding Armor
Connection lost

Rejoining the realm…

Still unreachable

The connection could not be restored.

Session expired

The server has moved on; the page needs a fresh start.